 Dungeon Crawl Stone Soup version 0.28.0-45-g0d030f2227 (webtiles) character file.

Game seed: 16120122249679762169

55 Silentstumbler the Digger (level 3, 0/19 HPs)
             Began as a Gargoyle Earth Elementalist on Mar 31, 2022.
             Slain by a jelly (1 damage)
             ... on level 2 of the Dungeon.
             The game lasted 00:05:13 (1681 turns).

Silentstumbler the Digger (GrEE)                    Turns: 1681, Time: 00:05:13

Health: 0/19       AC:  2    Str: 11    XL:     3   Next: 93%
Magic:  1/6        EV: 11    Int: 17    God:
Gold:   76         SH:  0    Dex: 10    Spells: 1/6 levels left

rFire   . . .      SeeInvis .   a - staff of poison {!a}
rCold   . . .      Faith    .   (no shield)
rNeg    + . .      Spirit   .   b - +0 robe
rPois   ∞          Reflect  .   (no helmet)
rElec   +          Harm     .   (no cloak)
rCorr   .          Rampage  .   (no gloves)
Will    .....                   d - +0 pair of boots
Stlth   ++........              (no amulet)
HPRegen 0.06/turn               (no ring)
MPRegen 0.10/turn               (no ring)

@: corroded
A: sickness immunity, AC +3, negative energy resistance 1, electricity
resistance, torment resistance 1, petrification resistance
a: no special abilities


You were on level 2 of the Dungeon.
You visited 1 branch of the dungeon, and saw 2 of its levels.

You collected 76 gold pieces.


Innate Abilities, Weirdness & Mutations

You are immune to sickness and miasma.
Your stone body is resilient. (AC +3)
You are immune to poison.
You resist negative energy. (rN+)
You are resistant to electric shocks. (rElec)
You are resistant to unholy torment.
You are immune to petrification.


   Skills:
 - Level 1.2 Staves
 - Level 1.5 Dodging
 - Level 2.1 Stealth
 + Level 2.4 Spellcasting
 * Level 1.1 Conjurations
 - Level 1.1 Transmutations
 * Level 4.4 Earth Magic


You had one spell level left.
You knew the following spells:

 Your Spells              Type           Power      Damage    Failure   Level
f - Foxfire               Conj/Fire      16%        2x1d4     14%         1
w - Stone Arrow           Conj/Erth      22%        3d8       19%         3
z - Sandblast             Erth           34%        2d9       3%          1

Your spell library contained the following spells:

 Spells                   Type           Power      Damage    Failure   Level
 Passwall                 Tmut/Erth      9%         N/A       9%          2
 Conjure Flame            Conj/Fire      4%         6-21      41%         3
 Inner Flame              Hex/Fire       2%         N/A       50%         3
 Ozocubu's Armour         Ice            2%         N/A       50%         3
 Petrify                  Tmut/Erth      11%        N/A       52%         4
 Flame Wave               Conj/Fire      4%         2d5       82%         4
 Metabolic Englaciation   Hex/Ice        1%         N/A       99%         5
 Simulacrum               Ice/Necr       1%         N/A       100%        6

Inventory:

Missiles
 c - 23 stones
Armour
 b - a +0 robe (worn)
 d - a +0 pair of boots (worn)
Magical Staves
 a - a staff of poison (weapon) {!a}
Scrolls
 e - a scroll of blinking {unknown}
 f - a scroll of enchant weapon {unknown}
 h - a scroll of holy word {unknown}
 i - a scroll of acquirement {unknown}
 j - 3 scrolls of noise {unknown}
 k - 3 scrolls of vulnerability {unknown}
Potions
 g - a potion of heal wounds {unknown}

Dungeon Overview and Level Annotations

Branches:
Dungeon (2/15)

Altars:
Sif Muna

#.....#.###........###########
#÷....#.# #........#
#..#.#..############
#..#.#......# #..#.#......#
#..#.##..⚑..## #..#.##......#
#..#.##......######
#..#.##.........@.#
#.......#########J#
#................†....#
#.....................#
#.†...................#
...#..................#
#.##.#####............# #.##.#
............# #....#
............#


You could see a jelly.


Message History

Aim: an adder (almost dead, 66% to hit)
The blast of sand hits the adder!
You kill the adder!
Your Conjurations skill increases to level 1!
Casting: Sandblast (safe; 3% risk of failure)
Confirm with . or Enter, or press ? or * to list all spells.
Aiming: Sandblast (safe; 3% risk of failure)
Press: ? - help, Shift-Dir - straight line, f - jelly
Aim: a jelly (100% to hit)
The blast of sand hits the jelly!
The jelly is heavily wounded.
The jelly barely misses you.
Casting: Sandblast (safe; 3% risk of failure)
Confirm with . or Enter, or press ? or * to list all spells.
Aiming: Sandblast (safe; 3% risk of failure)
Press: ? - help, Shift-Dir - straight line, f/p - jelly
Aim: a jelly (heavily wounded, 100% to hit)
The blast of sand hits the jelly!
The jelly is almost dead.
The jelly hits you. The acid corrodes you!
You are splashed with acid!
* * * LOW HITPOINT WARNING * * *
Casting: Sandblast (safe; 3% risk of failure)
Confirm with . or Enter, or press ? or * to list all spells.
You don't have enough magic to cast this spell.
The jelly hits you.
* * * LOW HITPOINT WARNING * * *
You are splashed with acid!
* * * LOW HITPOINT WARNING * * *
The jelly hits you.
You die...

Skill      XL: |  1  2  3 |
---------------+----------+-----
Transmutations | 1 |  1.1
Staves         | 1 |  1.2
Earth Magic    | 4 |  4.4
Conjurations   | 1 |  1.1
Dodging        | |  1.5
Stealth        | |  2.1
Spellcasting   | |  2.4

Action                   || total
-------------------------++-------
Melee: Staff             ||    20
 Cast: Sandblast         ||    39
 Stab: Sleeping          ||     1
Armor: Robe              ||    18
Dodge: Dodged            ||    23

Levels and vault maps discovered:
D:1:      minmay_arrival_semitransparent, layout_loops_ring
D:2:      layout_basic, basic_altar

Notes
Turn   | Place    | Note
-------+----------+-------------------------------------------
     0 | D:1      | Silentstumbler the Gargoyle Earth Elementalist began the
                  | quest for the Orb.
     0 | D:1      | Reached XP level 1. HP: 10/10 MP: 3/3
   515 | D:1      | Reached XP level 2. HP: 15/15 MP: 3/5
   564 | D:1      | Reached skill level 1 in Transmutations
  1048 | D:2      | Reached skill level 1 in Staves
  1048 | D:2      | Reached skill level 4 in Earth Magic
  1051 | D:2      | Reached XP level 3. HP: 19/19 MP: 0/6
  1055 | D:2      | Learned a level 3 spell: Stone Arrow
  1265 | D:2      | Found a shimmering blue altar of Sif Muna.
  1391 | D:2      | Learned a level 1 spell: Foxfire
  1677 | D:2      | Reached skill level 1 in Conjurations
  1679 | D:2      | HP: 1/19 [acid (7)]
  1681 | D:2      | Slain by a jelly

Vanquished Creatures
  3 adders (D:2)
  A worm (D:2)
  3 bats (D:2)
  2 endoplasms
  A giant cockroach (D:1)
  4 goblins
  3 hobgoblins
  A quokka (D:2)
  A ball python (D:1)
  2 frilled lizards
  3 kobolds (D:1)
  3 rats
27 creatures vanquished.

Table legend: (Time is in decaauts)
 A = Elapsed time spent in this place.
 B = Non-inter-level travel time spent in this place.
 C = Inter-level travel time spent in this place.
 D = Time resting spent in this place.
 E = Time spent auto-exploring this place.
 F = Levels seen in this place.
 G = Mean time per level.
                   A        B        C        D        E       F      G
               +--------+--------+--------+--------+--------+-----+--------+
         Total |   1683 |   1645 |     38 |      0 |   1453 |   2 |  841.5 |
       Dungeon |   1683 |   1645 |     38 |      0 |   1453 |   2 |  841.5 |
               +--------+--------+--------+--------+--------+-----+--------+

Top non-repeatable levels by time:
     D:1: 977 daAuts
     D:2: 706 daAuts

Table legend:
 A = Non-vault XP
 B = Vault XP
 C = Vault XP percentage of total XP
 D = Non-vault monster count
 E = Vault monster count
 F = Vault count percentage of total count
                 A         B        C        D         E       F
            +---------+---------+-------+---------+---------+-------
      Total |      79 |       0 |   0.0 |      27 |       0 |   0.0
            +---------+---------+-------+---------+---------+-------
        D:1 |      19 |       0 |   0.0 |      13 |       0 |   0.0
        D:2 |      60 |       0 |   0.0 |      14 |       0 |   0.0
            +---------+---------+-------+---------+---------+-------
